 Dungeon Crawl Stone Soup version 0.23.2-30-g0e89c35649 (webtiles) character file.

Game seed: 15482690104230390478

9824 HammerPanzer the Bludgeoner (level 11, -7/105 HPs)
             Began as a Minotaur Berserker on June 9, 2019.
             Was a High Priest of Trog.
             Hit by a tomahawk thrown by an orc warrior (9 damage)
             ... on level 10 of the Dungeon.
             The game lasted 00:23:20 (8166 turns).

HammerPanzer the Bludgeoner (Minotaur Berserker)    Turns: 8166, Time: 00:23:21

Health: -7/105     AC: 17    Str: 23    XL:     11   Next: 28%
Magic:  10/10      EV:  7    Int:  6    God:    Trog [*****.]
Gold:   465        SH:  0    Dex: 10    Spells: 10/10 levels left

rFire    . . .     SeeInvis .   G - +0 morningstar
rCold    . . .     Gourm    .   (no shield)
rNeg     . . .     Faith    +   y - +1 plate armour
rPois    .         Spirit   .   F - +2 hat
rElec    .         Reflect  .   C - +0 cloak
rCorr    .         Harm     .   o - +0 pair of gloves
MR       .....                  t - +0 pair of boots
Stlth    ..........             w - amulet of faith
HPRegen  0.27/turn              (no ring)
MPRegen  0.12/turn              (no ring)

@: lethally poisoned (-7 -> -8), about to teleport, barbed spikes, berserk
cooldown, slowed, very slow
A: retaliatory headbutt, horns 2
a: Berserk, Trog's Hand, Brothers in Arms, Renounce Religion


You were on level 10 of the Dungeon.
You worshipped Trog.
Trog was extremely pleased with you.
You were hungry.

You visited 1 branch of the dungeon, and saw 10 of its levels.
You also visited: Sewer.

You collected 465 gold pieces.

Inventory:

Hand Weapons
 G - a +0 morningstar (weapon)
Missiles
 p - 4 javelins (quivered)
 A - 8 tomahawks
 B - 7 silver javelins
Armour
 o - a +0 pair of gloves (worn)
 t - a +0 pair of boots (worn)
 y - a +1 plate armour (worn)
 C - a +0 cloak (worn)
 F - a +2 hat (worn)
Jewellery
 w - an amulet of faith (around neck)
Wands
 g - a wand of digging (6)
 v - a wand of paralysis (8)
 x - a wand of flame (17)
 z - a wand of random effects (12)
Scrolls
 e - 3 scrolls of identify
 f - 4 scrolls of blinking
 i - 3 scrolls of fear
 k - 3 scrolls of remove curse
 l - a scroll of enchant weapon
 m - 3 scrolls of teleportation
 E - a scroll of fog
Potions
 b - 7 potions of flight
 d - 2 potions of lignification
 h - 2 potions of invisibility
 j - 3 potions of curing
 n - 4 potions of berserk rage
 q - 2 potions of brilliance
 r - 2 potions of heal wounds
 s - 3 potions of might
 D - 3 potions of mutation
Comestibles
 a - 9 chunks of flesh
 c - 12 rations


   Skills:
 + Level 12.5 Fighting
 * Level 16.4 Maces & Flails
 - Level 2.4 Armour
 - Level 2.1 Dodging


You had 10 spell levels left.
You didn't know any spells.
Your spell library was empty.

Dungeon Overview and Level Annotations

Branches:
Dungeon (10/15)            Temple (0/1) D:7             Orc (0/2) D:9
   Lair: D:8-11

Altars:
Trog
Vehumet


Innate Abilities, Weirdness & Mutations

You reflexively headbutt those who attack you in melee.
You have a pair of horns on your head.


Message History

The volley of spikes hits you!
The barbed spikes become lodged in your body.
* * * LOW HITPOINT WARNING * * *
The barbs in your skin will harm you if you move.
Continue? [Y]es or [N]o only, please.
The barbs in your skin will harm you if you move.
Continue? [Y]es or [N]o only, please.
The barbs in your skin will harm you if you move.
Continue?
Okay, then.
As you read the scroll of teleportation, it crumbles to dust.
You feel strangely unstable.
You feel sick.
The shadow imp shouts, "Fly, thou errant fool-born meatball!"
An orc comes into view. It is wielding a +2 dagger of speed.
The manticore flicks its tail.
The volley of spikes hits you.
The barbed spikes become lodged in your body.
* * * LOW HITPOINT WARNING * * *
A leopard gecko comes into view.
The orc warrior throws a tomahawk.
The tomahawk hits you!
You die...

#########..........
...................
#####..########### .
#oH# ..##########..#
..............#######
.....................
####..).............
#........@.......
#...............l
#................
#...........H....
..........<.....5..
........#########o.
######...# .. #...#
.....#


You could see a manticore, a hippogriff, an orc warrior, a shadow imp, an orc
(wandering) and a leopard gecko (wandering).

Vanquished Creatures
  Gastronok (D:9)
  A two-headed ogre (D:10)
  Erica (D:8)
  Nergalle (D:10)
  Pikel (D:4)
  Joseph (D:8)
  A troll (D:10)
  A hippogriff (D:6)
  A spriggan (D:7)
  5 yaks (D:9)
  A hungry ghost (D:8)
  2 wargs (D:9)
  7 ice beasts
  3 orc warriors
  2 sky beasts
  3 eyes of draining (D:5)
  An ogre (D:8)
  2 phantoms
  2 necrophages
  4 centaurs
  A crocodile (D:8)
  A big kobold (D:9)
  2 bullfrogs
  A scorpion (D:4)
  A howler monkey (D:5)
  8 crimson imps
  A bullfrog zombie (D:7)
  6 orc priests
  4 hounds
  3 bullfrog skeletons
  2 centaur skeletons
  4 iguanas
  5 orc wizards
  2 worker ants (D:7)
  2 killer bee zombies
  A hound zombie (D:5)
  A howler monkey zombie (D:5)
  A gnoll (D:5)
  9 adders
  2 river rats (D:5)
  2 shadow imps
  An adder zombie (D:8)
  5 worms
  4 dart slugs
  6 leopard geckos
  35 orcs
  12 bats
  7 giant cockroaches
  7 goblins
  6 hobgoblins
  10 jackals
  10 quokkas
  7 ball pythons
  4 frilled lizards
  2 jackal skeletons
  9 kobolds
  A leopard gecko zombie (D:6)
  7 rats
233 creatures vanquished.

Vanquished Creatures (others)
  An orc wizard (D:9)
  A rat (D:2)
2 creatures vanquished.

Grand Total: 235 creatures vanquished

Notes
Turn   | Place    | Note
-------+----------+-------------------------------------------
     0 | D:1      | HammerPanzer the Minotaur Berserker began the quest for the
                  | Orb.
     0 | D:1      | Reached XP level 1. HP: 19/19 MP: 0/0
   122 | D:1      | Reached skill level 4 in Maces & Flails
   148 | D:1      | Reached XP level 2. HP: 27/27 MP: 1/1
   936 | D:2      | Reached XP level 3. HP: 33/33 MP: 2/2
   962 | D:2      | Reached ** piety under Trog
  1024 | D:2      | Reached skill level 5 in Maces & Flails
  1187 | D:2      | Reached XP level 4. HP: 41/41 MP: 3/3
  1758 | D:3      | Found a faded altar of an unknown god.
  1956 | D:3      | Found a radiant altar of Vehumet.
  2581 | D:4      | Reached skill level 6 in Maces & Flails
  2643 | D:4      | Reached skill level 5 in Fighting
  2643 | D:4      | Reached XP level 5. HP: 42/48 MP: 4/4
  2820 | D:4      | Noticed a slave
  2820 | D:4      | Noticed a slave
  2821 | D:4      | Noticed a slave
  2821 | D:4      | Noticed Pikel
  2821 | D:4      | Noticed a slave
  2830 | D:4      | Killed Pikel
  2830 | D:4      | Reached skill level 8 in Maces & Flails
  2830 | D:4      | Reached XP level 6. HP: 58/58 MP: 5/5
  2830 | D:4      | Reached XP level 7. HP: 64/64 MP: 6/6
  3169 | D:5      | Entered Level 5 of the Dungeon
  3302 | D:5      | Reached *** piety under Trog
  3305 | D:5      | Reached skill level 9 in Maces & Flails
  3343 | D:5      | Found a glowing drain.
  3361 | Sewer    | Entered a sewer
  3820 | D:5      | Found a bloodstained altar of Trog.
  3827 | D:5      | Reached XP level 8. HP: 73/73 MP: 0/7
  3834 | D:5      | Reached skill level 10 in Maces & Flails
  3838 | D:5      | Reached **** piety under Trog
  4506 | D:6      | Noticed a hippogriff
  4512 | D:6      | Reached skill level 11 in Maces & Flails
  4521 | D:6      | Killed a hippogriff
  4935 | D:7      | Reached XP level 9. HP: 58/83 MP: 8/8
  5084 | D:7      | Reached skill level 12 in Maces & Flails
  5207 | D:7      | Found a staircase to the Ecumenical Temple.
  5571 | D:7      | Received a gift from Trog
  6166 | D:7      | Reached skill level 10 in Fighting
  6166 | D:7      | Reached skill level 13 in Maces & Flails
  6443 | D:8      | Reached ***** piety under Trog
  6488 | D:8      | Noticed Joseph
  6503 | D:8      | Killed Joseph
  6503 | D:8      | Reached XP level 10. HP: 64/94 MP: 9/9
  6624 | D:8      | Noticed Erica
  6635 | D:8      | Killed Erica
  6635 | D:8      | Reached skill level 14 in Maces & Flails
  7066 | D:9      | Noticed Gastronok
  7503 | D:9      | Reached skill level 15 in Maces & Flails
  7576 | D:9      | Killed Gastronok
  7576 | D:9      | Reached XP level 11. HP: 104/104 MP: 10/10
  7686 | D:9      | Found a staircase to the Orcish Mines.
  7873 | D:9      | Reached skill level 16 in Maces & Flails
  7952 | D:10     | Entered Level 10 of the Dungeon
  8135 | D:10     | Noticed Nergalle
  8136 | D:10     | Noticed a two-headed ogre
  8149 | D:10     | Killed Nergalle
  8155 | D:10     | Killed a two-headed ogre
  8158 | D:10     | Noticed an orc knight
  8166 | D:10     | HP: 2/105 [manticore/volley of spikes (5)]
  8166 | D:10     | Hit by a tomahawk thrown by an orc warrior

Skill      XL: |  1  2  3  4  5  6  7  8  9 10 11 |
---------------+----------------------------------+-----
Maces & Flails | 4 5 6 8 9 11 13 15 16 | 16.4
Fighting       | 4 5 6 7 9 10 12 | 12.5
Armour         | |  2.4
Dodging        | |  2.1

Action                   |  1- 3 |  4- 6 |  7- 9 | 10-12 || total
-------------------------+-------+-------+-------+-------++-------
Melee: Mace              |    75 |    72 |   421 |   167 ||   735
       Headbutt          |     9 |    15 |    73 |    42 ||   139
       Morningstar       |       |       |       |    52 ||    52
Throw: Javelin           |       |       |       |     1 ||     1
Invok: Berserk           |       |     1 |     5 |     5 ||    11
  Use: Scroll            |       |    15 |     3 |     4 ||    22
       Potion            |       |       |     1 |       ||     1
  Eat: Chunk             |     1 |     5 |    18 |     8 ||    32
       Ration            |       |       |       |     1 ||     1
Armor: Ring mail         |    38 |     3 |       |       ||    41
       Plate armour      |       |    41 |   313 |   127 ||   481
Dodge: Dodged            |    73 |    29 |   137 |    64 ||   303
